 Dungeon Crawl Stone Soup version 0.23.1-41-g7e51ed32d8 (webtiles) character file.

Game seed: 956106787565376535

0 Gargoyl the Skirmisher (level 1, -2/19 HPs)
             Began as a Centaur Abyssal Knight on Mar 30, 2019.
             Was a Follower of Lugonu.
             Killed from afar by a raiju (13 damage)
             ... with a living lightning
             ... on level 2 of the Abyss.
             The game lasted 00:01:04 (154 turns).

Gargoyl the Skirmisher (Centaur Abyssal Knight)      Turns: 154, Time: 00:01:05

Health: -2/19      AC:  4    Str: 14    XL:     1   Next: 0%
Magic:  2/2        EV:  9    Int:  7    God:    Lugonu [*.....]
Gold:   0          SH:  0    Dex:  8    Spells: 0/0 levels left

rFire    . . .     SeeInvis .   a - +1 hand axe
rCold    . . .     Gourm    .   (no shield)
rNeg     . . .     Faith    .   b - +0 leather armour
rPois    .         Spirit   .   (no helmet)
rElec    .         Reflect  .   (no cloak)
rCorr    .         Harm     .   (no gloves)
MR       .....     Rnd*Rage +   (no barding)
Stlth    ..........             (no amulet)
HPRegen  0.00/turn              (no ring)
MPRegen  0.08/turn              (no ring)

@: non-regenerating, mildly diseased, very quick
A: large, hooves 3, [berserk 2], [blurry vision 3], deformed body, [dopey 2],
speed 2, tough skin 3
a: Depart the Abyss, Renounce Religion


You were on level 2 of the Abyss.
You worshipped Lugonu.
Lugonu was aware of your devotion.
You were not hungry.

You visited 0 branches of the dungeon, and saw 0 of its levels.
You visited the Abyss 1 time.

Inventory:

Hand Weapons
 a - a +1 hand axe (weapon)
Armour
 b - a +0 leather armour (worn)
Comestibles
 c - a ration


   Skills:
 + Level 3.0 Fighting
 + Level 1.7 Axes
 + Level 1.3 Armour
 + Level 0.6 Dodging
 + Level 2.0 Invocations


You couldn't memorise any spells.
You didn't know any spells.
Your spell library was empty.

Dungeon Overview and Level Annotations

Branches:
Dungeon (0/15)

Altars:


Innate Abilities, Weirdness & Mutations

You have hooves in place of feet.
Armour fits poorly on your strangely shaped body.
You cover ground very quickly.
You have extremely tough skin. (AC +3)
[You often lose your temper in combat.]
[Scrolls take you much longer to read.]
[You are very dopey. (Int -4)]


Message History

Anything else - Cancel.
Gang up on whom?
Press: ? - help, Dir - move target cursor, f - raiju, p - bone dragon
Aim: a raiju (heavily wounded) Attack!
The wretched star pulses with an eldritch light!
You feel stupid. x2
The chaos spawn hits your starspawn tentacle segment.
The chaos spawn shocks your starspawn tentacle segment.
The raiju bursts into living lightning!
The living lightning hits your tentacled starspawn!
The living lightning misses you.
The raiju blinks!
A tentacle flies out from the starspawn's body!
Unknown command.
A neqoxec comes into view.
Something gores your starspawn tentacle segment but does no damage.
The raiju bursts into living lightning!
The living lightning hits you!
Ouch! That really hurt!
You die...

. .. .......... . . ..
.......... .. ........
........##..# .# ..##
#......## .# °##..##. .
##...#.......R.........
..#........Xw..°...
.... ........X##│4##..
#..# ..
.......──##│.##..# ..#
.. ......w.@>/....3....
.. ..#....X─..§°......
...
##h.D.##°°##5.##..##h.
##.#.##..##..# # ..
#....*..........
#......x.........
........##..##..##.
..#.....##..# ..#
..###..... ... .Q.


You could see a bone dragon, a wretched star, a raiju, a neqoxec, an iron imp, a
friendly tentacled starspawn, a friendly large abomination and a friendly
starspawn tentacle.

Vanquished Creatures (others)
  2 starspawn tentacles (Abyss:2)
2 creatures vanquished.

Notes
Turn   | Place    | Note
-------+----------+-------------------------------------------
     0 | Abyss:1  | Gargoyl the Centaur Abyssal Knight began the quest for the
                  | Orb.
     0 | Abyss:1  | Reached XP level 1. HP: 19/19 MP: 2/2
     2 | Abyss:2  | Found a corrupted altar of Lugonu.
    29 | Abyss:2  | Noticed a large abomination
    35 | Abyss:2  | Noticed an ancient zyme
    37 | Abyss:2  | Noticed a wretched star
   102 | Abyss:2  | Noticed an efreet
   106 | Abyss:2  | Noticed a bone dragon
   110 | Abyss:2  | Noticed a chaos spawn
   124 | Abyss:2  | Noticed a raiju
   137 | Abyss:2  | Noticed a wretched star
   143 | Abyss:2  | Noticed a soldier ant
   145 | Abyss:2  | Noticed a tengu
   145 | Abyss:2  | a soldier ant changed into a tengu
   154 | Abyss:2  | Noticed a neqoxec
   154 | Abyss:2  | Noticed an iron imp
   154 | Abyss:2  | Killed from afar by a raiju

Action                   || total
-------------------------++-------
  Use: Scroll            ||     2
Armor: Leather armour    ||     1
Dodge: Dodged            ||     3
